cohdb
Replays
Latest Replays
All Replays
Popular Replays
Top Player Replays
Match Explorer
How It Works
Community
CoH3 Stats
Reddit
Sign in to upload your games and track your stats! →
Sign in with Steam
Match 46842143
Unlisted
Match 46842143
Overview
Messages
Build Orders
End
Panzergrenadier Squad
250 Light Carrier
Panzergrenadier Squad
Construct Light Support Kompanie
Assault Grenadier Squad
Selects Armored Support Battlegroup
Selects Salvage Kits
Panzerjäger Squad
Fire Support Elements
2.5-tonne Medical Truck
Veteran Squad Leaders
Pak 38 Mechanized Group
Selects Veteran Gunners
Tungsten Core Ammunition
Construct Panzerarmee Kommand
Walking Stuka Rocket Launcher
2.5-tonne Medical Truck
Pak 38 Anti-tank Gun Team
Flak 36 Anti-tank Gun Team
Selects Panzer Storm
Jamoro
Clavis
huaichen
Ra11
Cohpe?
Harry Cohper
0
0
Comments
sign in to comment!
No comments posted yet!